Map: Acropolis LE

Players

Passman - Winner!

  • Race: Protoss Protoss
  • League: Master
  • Spawn Location: 11:00

Mez

  • Race: Terran Terran
  • League: Master
  • Spawn Location: 5:00

VOD

Have the link to the VOD?

Description

Time

  • Played on: Aug. 12, 2019, 7:16 a.m.
  • Length: 6:29
Show
View Real Time Build Order
Export as new Build Order

Passman Protoss - Winner!

Build Orders: 1 Gate Expand 

Get SALT Encoding   

  12  0:00  Probe  
  13  0:13  Probe  
  14  0:17  Pylon  
  14  0:24  Probe  
  15  0:32  Probe  
  15  0:37  Gateway  
  15  0:40  Probe  
  16  0:46  Assimilator  
  17  0:53  Probe  
  18  1:05  Probe  
  19  1:17  Probe  
  20  1:27  Nexus  
  20  1:36  Cybernetics Core  
  20  1:37  Probe  
  21  1:45  Assimilator  
  21  1:50  Pylon  
  21  2:03  Stalker  
  21  2:11  Probe  
  21  2:13  Warp Gate  
  23  2:23  Probe  
  24  2:34  Stalker  
  24  2:35  Probe  
  27  2:39  Twilight Council  
  26  2:44  Probe x2  
  28  2:52  Probe x2  
  28  2:56  Charge  
  30  3:00  Probe  
  30  3:01  Probe  
  30  3:05  Pylon  
  32  3:06  Stalker  
  34  3:12  Probe  
  34  3:19  Probe  
  36  3:25  Probe  
  37  3:28  Gateway  
  37  3:32  Gateway  
  37  3:41  Gateway  
  37  3:47  Pylon  
  37  3:50  Gateway  
  37  3:51  Pylon  
  37  4:08  Zealot  
  39  4:10  Gateway  
  39  4:11  Probe x2  
  41  4:23  Zealot, Probe  
  41  4:24  Probe  
  45  4:26  Zealot  
  47  4:34  Zealot  
  47  4:35  Probe  
  50  4:43  Zealot  
  50  4:45  Zealot  
  54  4:47  Zealot  
  56  4:57  Zealot, Pylon  
  54  5:10  Zealot x4  
  50  5:22  Zealot  
  52  5:38  Zealot x3  
  52  5:39  Zealot  
  54  5:43  Gateway  
  54  5:44  Gateway  
  54  5:45  Zealot  
  56  5:55  Zealot  
  56  5:56  Zealot  
  60  6:00  Zealot x2  
  60  6:01  Zealot  
  66  6:11  Templar Archives  
Show
View Real Time Build Order
Export as new Build Order

Mez Terran 

Build Orders: Reaper Expand 

Get SALT Encoding   

  12  0:00  SCV  
  13  0:12  SCV  
  14  0:17  Supply Depot  
  14  0:24  SCV  
  15  0:38  SCV  
  15  0:39  Barracks  
  16  0:44  Refinery  
  16  0:50  SCV  
  17  1:03  SCV  
  18  1:15  SCV  
  19  1:28  Reaper, Orbital Command  
  20  1:41  Command Center  
  20  1:59  Bunker  
  20  2:01  Barracks Reactor  
  20  2:04  SCV  
  21  2:17  Supply Depot  
  21  2:20  SCV  
  22  2:32  Command Center  
  22  2:36  SCV  
  23  2:45  Marine x2  
  23  2:50  Factory  
  24  2:52  SCV  
  25  2:58  Orbital Command  
  25  3:05  Refinery  
  25  3:06  SCV  
  25  3:12  Marine x2  
  28  3:18  SCV  
  29  3:27  SCV  
  29  3:30  SCV  
  31  3:36  Marine x2  
  31  3:37  Widow Mine  
  31  3:39  SCV, Starport  
  36  3:42  SCV  
  36  3:47  Orbital Command  
  37  3:51  SCV  
  37  3:53  Marine  
  37  3:54  SCV, Marine  
  41  4:00  Widow Mine  
  43  4:03  SCV  
  43  4:04  Refinery  
  44  4:10  SCV  
  44  4:15  SCV, Marine x2  
  44  4:16  SCV  
  49  4:19  Starport Tech Lab  
  49  4:22  SCV, Supply Depot  
  50  4:25  Factory Tech Lab  
  50  4:30  SCV x2  
  52  4:32  Marine  
  52  4:33  Marine  
  52  4:34  SCV  
  55  4:41  Raven  
  55  4:42  SCV  
  55  4:44  Barracks  
  58  4:47  SCV x2  
  58  4:49  Supply Depot  
  58  4:50  Siege Tank  
  63  4:54  SCV  
  63  4:56  Barracks  
  64  5:03  SCV x2  
  63  5:13  Marine x2  
  54  5:22  Siege Tank, SCV x3  
  54  5:23  Raven  
  62  5:31  Marine x2  
  62  5:35  Marine  
  50  5:48  Bunker  
  50  5:49  Marine x2  
  49  5:52  Bunker, Marine  
  49  5:53  Marine  
  49  5:56  Siege Tank  
  54  5:59  SCV x2  
  56  6:06  SCV  
  56  6:07  Marine  
  56  6:11  SCV x2  
  59  6:17  Starport Reactor  
Tags
 
Add a new tag
Caveats
  • Supply blocks, unpowered buildings, or Contaminate may cause inaccurate times.
  • Supply counts are checked every 10 seconds.